Map: 16-Bit LE

Players

ILIEKEGGPIE

  • Race: Protoss Protoss
  • League: Platinum
  • Spawn Location: 7:00

A.I. 1 (Medium)

  • Race: Zerg Zerg
  • Spawn Location: 1:00

VOD

Have the link to the VOD?

Description

Time

  • Played on: May 28, 2018, 7 a.m.
  • Length: 18:04
Show
View Real Time Build Order
Export as new Build Order

ILIEKEGGPIE Protoss 

Build Orders:  

Get SALT Encoding   

    0:29  Probe x12  
    0:41  Unknown  
    0:42  Probe  
  13  0:55  Probe  
  14  1:03  Probe, Pylon  
  15  1:18  Probe  
  15  1:24  Gateway  
  16  1:30  Probe  
  16  1:32  Assimilator  
  17  1:42  Probe  
  18  1:54  Probe  
  19  2:06  Probe  
  20  2:15  Nexus  
  20  2:25  Cybernetics Core  
  20  2:29  Probe  
  21  2:39  Assimilator  
  21  2:41  Probe, Pylon  
  22  2:53  Probe  
  23  3:16  Adept  
  23  3:18  Probe  
  26  3:27  Stargate  
  26  3:30  Warp Gate  
  26  3:32  Probe  
  27  3:36  Probe  
  27  3:40  Probe  
  28  3:46  Probe  
  30  3:48  Probe  
  30  3:54  Probe  
  31  3:58  Probe  
  31  4:02  Probe  
  33  4:03  Adept  
  36  4:11  Phoenix  
  38  4:21  Probe  
  37  4:25  Pylon  
  37  4:26  Oracle  
  37  4:29  Probe x2  
  42  4:41  Assimilator, Probe  
  42  4:44  Probe, Assimilator  
  44  4:53  Probe  
  44  4:54  Gateway  
  44  4:59  Probe  
  46  5:14  Stargate  
  46  5:21  Probe x2  
  48  5:30  Gateway  
  48  5:31  Phoenix  
  48  5:33  Probe  
  49  6:00  Phoenix x2  
  53  6:22  Pylon  
  53  6:24  Pylon  
  52  6:26  Adept  
  54  6:36  Phoenix  
  52  6:40  Phoenix  
  52  6:44  Probe x2  
  56  6:52  Probe x2  
  58  6:55  Phoenix  
  58  6:59  Zealot x3  
  68  7:05  Phoenix  
  70  7:17  Pylon  
  70  7:30  Shield Battery  
  70  7:32  Nexus  
  70  7:34  Pylon  
  70  7:35  Phoenix x2, Pylon  
  74  7:37  Robotics Facility  
  74  7:39  Robotics Facility  
  74  7:49  Forge  
  74  7:57  Phoenix  
  74  7:59  Phoenix  
  78  8:11  Probe x2  
  80  8:15  Phoenix  
  80  8:17  Phoenix  
  80  8:23  Probe  
  85  8:31  Gateway  
  85  8:32  Probe  
  86  8:34  Gateway  
  86  8:35  Probe  
  86  8:40  Phoenix  
  89  8:45  Probe  
  90  8:59  Protoss Ground Weapons Level 1  
  90  9:00  Phoenix  
  92  9:03  Probe x3  
  92  9:05  Phoenix  
  97  9:12  Immortal x2  
  105  9:31  Gateway  
  105  9:33  Gateway  
  105  9:36  Gateway  
  105  9:48  Phoenix x2  
  109  9:55  Pylon  
  109  9:56  Pylon  
  109  10:00  Assimilator  
  109  10:05  Assimilator  
  109  10:09  Pylon  
  109  10:10  Pylon  
  109  10:13  Immortal, Probe  
  109  10:14  Immortal, Zealot x3  
  122  10:33  Gateway  
  122  10:50  Probe  
  122  10:51  Probe  
  122  10:52  Immortal  
  122  10:53  Immortal  
  132  11:03  Nexus  
  132  11:04  Pylon  
  132  11:06  Twilight Council  
  132  11:07  Pylon  
  132  11:14  Probe  
  132  11:15  Probe  
  134  11:29  Protoss Ground Weapons Level 2  
  134  11:45  Pylon  
  134  11:48  Charge, Pylon  
  134  11:53  Immortal x2  
  142  12:03  Templar Archives  
  142  12:21  Probe  
  142  12:24  Immortal x2, Probe  
  142  12:25  Probe x2  
  146  12:36  Pylon  
  146  12:37  Probe  
  155  12:40  Pylon  
  155  12:47  High Templar x3  
  155  12:48  High Templar  
  155  12:49  Zealot x2  
  155  12:50  Zealot  
  169  12:59  Probe  
  169  13:00  Probe x3  
  169  13:02  Warp Prism  
  173  13:25  Archon x2  
  171  13:31  Assimilator  
  171  13:34  Assimilator  
  171  13:49  Protoss Ground Weapons Level 3  
  171  13:52  Pylon  
  171  13:53  Pylon  
  171  14:05  High Templar  
  171  14:06  High Templar x3  
  171  14:07  High Templar x3  
  171  14:08  High Templar  
  187  14:10  Archon x2  
  187  14:11  Archon  
  187  14:12  Archon  
  187  14:21  Probe x2  
  187  14:22  Probe  
  188  15:04  Zealot x2  
  188  15:05  Zealot x4  
  194  15:35  Forge  
  194  15:37  Forge  
  192  16:33  Nexus  
  192  16:34  Pylon  
  192  16:35  Pylon  
  192  16:36  Pylon  
  192  16:40  Pylon  
Show
View Real Time Build Order
Export as new Build Order

A.I. 1 (Medium) Zerg 

Build Orders: Hatch First 

Get SALT Encoding   

    0:23  Overlord  
    0:29  Drone x12  
    0:41  Unknown  
  12  0:43  Drone  
  12  0:49  Drone  
  14  0:59  Overlord  
  14  1:18  Drone x3  
  17  1:39  Hatchery  
  16  1:51  Spawning Pool  
  16  1:52  Drone  
  16  1:56  Drone  
  16  1:58  Extractor  
  16  2:01  Drone  
  17  2:09  Overlord  
  17  2:38  Drone, Zergling x2, Queen  
  21  2:47  Roach Warren  
  21  2:48  Zergling x2  
  21  2:49  Extractor, Drone  
  21  2:54  Drone  
  22  3:27  Roach  
  22  3:30  Overlord  
  24  3:37  Roach  
  26  3:47  Roach  
  28  3:49  Drone  
  28  3:55  Drone  
  30  3:57  Roach  
  30  3:59  Drone  
  33  4:04  Drone  
  33  4:07  Roach  
  36  4:13  Overlord  
  36  4:17  Drone, Roach  
  36  4:21  Drone  
  40  4:30  Baneling Nest  
  39  4:33  Drone  
  40  4:40  Evolution Chamber  
  40  4:42  Drone  
  40  5:12  Hatchery  
  39  5:24  Hatchery  
  38  5:33  Drone  
  39  5:36  Drone  
  40  5:46  Drone  
  41  5:50  Drone  
  41  6:02  Overlord  
  39  6:13  Roach  
  37  6:25  Roach  
  37  6:34  Spore Crawler  
  37  6:38  Roach  
  33  6:50  Spore Crawler, Zergling x2  
  33  6:52  Drone  
  34  7:00  Queen  
  36  7:02  Roach  
  38  7:10  Queen  
  38  7:14  Roach  
  42  7:18  Spine Crawler  
  42  7:19  Drone  
  42  7:25  Hatchery  
  41  7:47  Spine Crawler  
  41  7:48  Drone  
  41  8:05  Queen  
  41  8:37  Drone  
  41  8:39  Drone  
  43  8:42  Drone  
  43  8:43  Evolution Chamber  
  43  8:45  Drone  
  42  8:48  Drone  
  42  8:51  Drone  
  42  8:54  Drone  
  42  8:57  Drone  
  42  9:02  Drone  
  40  9:05  Drone, Roach  
  43  9:12  Drone, Zergling x2  
  45  9:18  Drone  
  45  9:19  Roach  
  45  9:21  Drone  
  45  9:24  Drone  
  47  9:26  Zergling x2  
  43  9:34  Roach  
  44  9:41  Drone, Zergling x2  
  39  9:48  Zergling x2  
  40  9:53  Drone  
  40  9:55  Zergling x2  
  40  9:58  Drone  
  43  10:02  Drone  
  44  10:08  Drone  
  44  10:11  Drone  
  39  10:38  Pneumatized Carapace  
  39  11:24  Zergling x2  
  40  11:31  Roach  
  38  11:35  Overlord  
  38  11:53  Overlord, Queen  
  40  12:07  Roach  
  42  12:11  Overlord  
  42  12:14  Roach  
  44  12:31  Overlord  
  44  12:51  Overlord  
  44  12:53  Zerg Melee Weapons Level 1  
  44  13:03  Zerg Ground Armor Level 1  
  44  13:09  Drone  
  44  13:11  Overlord  
  27  13:27  Zergling x2  
  28  13:34  Zergling x2  
  27  13:42  Roach  
  27  13:44  Overlord  
  27  13:48  Queen  
  29  13:49  Zergling x2  
  32  14:16  Drone  
  33  14:19  Drone  
  33  14:22  Drone  
  35  14:24  Drone  
  35  14:27  Drone  
  35  14:30  Drone  
  38  14:33  Drone  
  38  14:36  Drone  
  39  14:39  Drone  
  39  14:42  Drone  
  39  14:45  Drone  
  41  14:50  Zergling x2  
  39  14:58  Roach  
  28  15:05  Drone, Zergling x2  
  10  15:22  Drone  
  10  15:25  Drone  
  9  15:32  Overlord  
  6  15:37  Hatchery  
  6  15:38  Drone  
  1  15:44  Drone  
  2  15:57  Hatchery  
  1  16:06  Hatchery  
Tags
 
League
Platinum
Matchup
PvZ
Replay Pack
Multi
Spawn Locations
Cross Positions
Add a new tag
Caveats
  • Supply blocks, unpowered buildings, or Contaminate may cause inaccurate times.
  • Supply counts are checked every 10 seconds.